[ PARTIDA AOE2 · #495351953 ]
UnrankedEspañoles vs Mongols
Equipo del jugador · VICT
Equipo rival · DERR
[ ANÁLISIS DE REPETICIÓN · EXTRAÍDO DE LA PARTIDA GRABADA ]
Feudal
10:31
Castillos
14:10
Imperial
—
| APM promedio | 49.3 |
| APM pico | 91 |
| eAPM promedio | 21.4 |
| Aldeanos / militares | 70 / 51 |
Foco
⚔️ 33.5% · 🌾 66.5%
Conquistador ×36 · Missionary ×8 · Mangonel ×6 · Monk ×1
Feudal
8:04
Castillos
19:18
Imperial
—
| APM promedio | 48.2 |
| APM pico | 105 |
| eAPM promedio | 21.4 |
| Aldeanos / militares | 89 / 87 |
Foco
⚔️ 39.8% · 🌾 60.2%
Cavalry Archer ×82 · Militia ×4 · Spearman ×1
Mapa de la partida
Recursos iniciales + cada clic de construcción. Líneas = muros · curvas = relieve. ◆ oro · ⬟ piedra · ● bayas · ✦ reliquia · ◌ hueco del cierre
Tu base· Abierta — hueco de 5t
Base de Charlie Mx· ✓ Cerrada en 19:18 · 57t muro · sin puerta
Terreno inicial suavizado · ◌ = hueco del cierre detectado · pasá el cursor para detalles
Inputs por minuto
— Malelf - - Charlie Mx
Build order — Malelf
Primeras 150 de 193 acciones detectadas
| 0:00 | Crear | Villager (Male) |
| 0:01 | Crear | Villager (Male) |
| 0:02 | Construir | House |
| 0:03 | Construir | House |
| 0:05 | Crear | Villager (Male) |
| 0:15 | Crear | Villager (Male) |
| 1:27 | Crear | Villager (Male) |
| 1:57 | Crear | Villager (Male) |
| 1:57 | Crear | Villager (Male) |
| 1:58 | Crear | Villager (Male) |
| 2:18 | Construir | Lumber Camp |
| 2:43 | Crear | Villager (Male) |
| 2:53 | Crear | Villager (Male) |
| 3:03 | Crear | Villager (Male) |
| 3:03 | Crear | Villager (Male) |
| 3:34 | Crear | Villager (Male) |
| 3:49 | Construir | House |
| 3:59 | Construir | House |
| 4:02 | Crear | Villager (Male) |
| 4:04 | Crear | Villager (Male) |
| 4:04 | Crear | Villager (Male) |
| 4:31 | Crear | Villager (Male) |
| 4:31 | Crear | Villager (Male) |
| 5:03 | Construir | Mill |
| 5:09 | Crear | Villager (Male) |
| 5:42 | Crear | Villager (Male) |
| 5:43 | Crear | Villager (Male) |
| 5:45 | Crear | Villager (Male) |
| 5:52 | Crear | Villager (Male) |
| 5:57 | Construir | Palisade Wall |
| 6:04 | Construir | Palisade Wall |
| 6:05 | Construir | Palisade Wall |
| 6:06 | Construir | Palisade Wall |
| 6:08 | Construir | Palisade Wall |
| 6:08 | Crear | Villager (Male) |
| 6:14 | Construir | Palisade Wall |
| 6:38 | Crear | Villager (Male) |
| 6:57 | Construir | Palisade Wall |
| 7:01 | Crear | Villager (Male) |
| 7:09 | Crear | Villager (Male) |
| 7:18 | Crear | Villager (Male) |
| 7:19 | Investigar | Loom |
| 7:49 | Construir | Mining Camp |
| 7:53 | Investigar | Feudal Age |
| 7:53 | Investigar | Feudal Age |
| 8:13 | Construir | Palisade Wall |
| 8:20 | Construir | Palisade Wall |
| 8:35 | Construir | House |
| 8:42 | Construir | Palisade Wall |
| 9:01 | Construir | Palisade Wall |
| 9:22 | Construir | Palisade Wall |
| 9:24 | Construir | Palisade Wall |
| 9:31 | Construir | Palisade Wall |
| 10:18 | Crear | Villager (Male) |
| 10:18 | Crear | Villager (Male) |
| 10:31 | Edad | Edad Feudal |
| 10:41 | Construir | Market |
| 11:08 | Construir | Blacksmith |
| 11:13 | Crear | Villager (Male) |
| 11:30 | Investigar | Castle Age |
| 11:31 | Investigar | Castle Age |
| 12:03 | Construir | Mining Camp |
| 12:14 | Construir | Palisade Wall |
| 12:21 | Construir | Palisade Wall |
| 12:25 | Crear | Villager (Male) |
| 12:29 | Crear | Villager (Male) |
| 13:07 | Construir | House |
| 13:08 | Construir | Palisade Wall |
| 13:10 | Construir | House |
| 13:14 | Construir | Palisade Wall |
| 13:16 | Construir | Palisade Wall |
| 13:25 | Construir | Farm |
| 13:29 | Investigar | Double-Bit Axe |
| 13:48 | Construir | Farm |
| 13:51 | Construir | Farm |
| 14:10 | Construir | Palisade Wall |
| 14:10 | Edad | Edad de los Castillos |
| 14:14 | Crear | Villager (Male) |
| 14:24 | Construir | Farm |
| 14:30 | Construir | House |
| 15:00 | Construir | Palisade Wall |
| 15:19 | Crear | Villager (Male) |
| 15:23 | Construir | Mining Camp |
| 15:51 | Construir | Castle |
| 15:56 | Crear | Villager (Male) |
| 16:04 | Construir | Farm |
| 16:15 | Crear | Villager (Male) |
| 16:20 | Construir | Farm |
| 16:41 | Crear | Conquistador |
| 16:41 | Crear | Conquistador |
| 16:48 | Construir | Farm |
| 17:06 | Crear | Conquistador |
| 17:25 | Construir | Farm |
| 17:36 | Crear | Conquistador |
| 17:36 | Crear | Conquistador |
| 17:58 | Construir | Farm |
| 18:03 | Crear | Villager (Male) |
| 18:10 | Crear | Conquistador |
| 18:11 | Crear | Conquistador |
| 18:28 | Crear | Villager (Male) |
| 18:38 | Crear | Conquistador |
| 19:19 | Construir | Siege Workshop |
| 19:21 | Crear | Conquistador |
| 19:22 | Crear | Villager (Male) |
| 19:28 | Crear | Villager (Male) |
| 19:34 | Construir | Farm |
| 20:08 | Crear | Mangonel |
| 20:08 | Crear | Mangonel |
| 20:18 | Crear | Conquistador |
| 20:20 | Construir | House |
| 20:26 | Crear | Villager (Male) |
| 20:40 | Crear | Villager (Male) |
| 20:47 | Construir | House |
| 20:49 | Crear | Conquistador |
| 21:24 | Crear | Mangonel |
| 21:26 | Crear | Villager (Male) |
| 21:31 | Crear | Conquistador |
| 21:31 | Crear | Conquistador |
| 21:56 | Crear | Conquistador |
| 21:56 | Crear | Conquistador |
| 22:06 | Crear | Villager (Male) |
| 22:27 | Construir | Monastery |
| 22:28 | Crear | Conquistador |
| 22:28 | Crear | Conquistador |
| 22:50 | Crear | Conquistador |
| 23:11 | Crear | Villager (Male) |
| 23:32 | Crear | Villager (Male) |
| 23:39 | Crear | Conquistador |
| 23:40 | Crear | Conquistador |
| 23:47 | Crear | Missionary |
| 23:49 | Construir | House |
| 24:02 | Crear | Villager (Male) |
| 24:02 | Crear | Villager (Male) |
| 24:04 | Construir | Farm |
| 24:11 | Crear | Villager (Male) |
| 24:19 | Crear | Missionary |
| 24:35 | Crear | Conquistador |
| 24:39 | Construir | Lumber Camp |
| 24:55 | Crear | Conquistador |
| 25:15 | Crear | Villager (Male) |
| 25:33 | Crear | Villager (Male) |
| 25:46 | Crear | Missionary |
| 25:59 | Crear | Missionary |
| 25:59 | Crear | Villager (Male) |
| 26:12 | Crear | Conquistador |
| 26:12 | Crear | Conquistador |
| 26:13 | Crear | Villager (Male) |
| 26:13 | Crear | Villager (Male) |
| 26:32 | Crear | Villager (Male) |
| 26:48 | Crear | Villager (Male) |
Build order — Charlie Mx
Primeras 150 de 281 acciones detectadas
| 0:01 | Crear | Villager (Male) |
| 0:01 | Crear | Villager (Male) |
| 0:02 | Crear | Villager (Male) |
| 0:02 | Crear | Villager (Male) |
| 0:02 | Crear | Villager (Male) |
| 0:03 | Construir | House |
| 0:04 | Construir | House |
| 1:40 | Crear | Villager (Male) |
| 2:02 | Crear | Villager (Male) |
| 2:14 | Construir | Lumber Camp |
| 2:17 | Crear | Villager (Male) |
| 2:27 | Crear | Villager (Male) |
| 2:44 | Crear | Villager (Male) |
| 3:15 | Crear | Villager (Male) |
| 3:22 | Crear | Villager (Male) |
| 3:35 | Crear | Villager (Male) |
| 3:49 | Construir | House |
| 3:56 | Crear | Villager (Male) |
| 3:59 | Crear | Villager (Male) |
| 3:59 | Crear | Villager (Male) |
| 4:41 | Construir | Barracks |
| 4:43 | Investigar | Loom |
| 4:48 | Crear | Villager (Male) |
| 4:55 | Crear | Villager (Male) |
| 5:05 | Investigar | Loom |
| 5:24 | Construir | House |
| 5:54 | Investigar | Feudal Age |
| 6:15 | Construir | Mining Camp |
| 6:27 | Crear | Militia |
| 6:31 | Crear | Militia |
| 6:46 | Construir | House |
| 6:48 | Construir | Palisade Wall |
| 7:09 | Crear | Militia |
| 7:29 | Construir | Mill |
| 7:46 | Crear | Villager (Male) |
| 8:04 | Edad | Edad Feudal |
| 8:17 | Investigar | Man-at-Arms (upgrade) |
| 8:22 | Investigar | Double-Bit Axe |
| 8:48 | Crear | Villager (Male) |
| 8:57 | Crear | Militia |
| 9:10 | Crear | Villager (Male) |
| 9:25 | Crear | Villager (Male) |
| 9:49 | Construir | Watch Tower |
| 9:52 | Crear | Villager (Male) |
| 10:13 | Crear | Villager (Male) |
| 10:24 | Construir | House |
| 10:24 | Construir | House |
| 10:26 | Construir | Palisade Wall |
| 10:28 | Construir | Palisade Wall |
| 10:33 | Crear | Villager (Male) |
| 10:47 | Investigar | Horse Collar |
| 10:51 | Construir | Farm |
| 10:54 | Construir | Farm |
| 10:56 | Construir | Farm |
| 10:59 | Construir | Farm |
| 11:21 | Construir | House |
| 11:22 | Construir | House |
| 11:23 | Construir | Palisade Wall |
| 11:29 | Construir | House |
| 11:34 | Crear | Villager (Male) |
| 11:34 | Crear | Villager (Male) |
| 11:34 | Crear | Villager (Male) |
| 11:35 | Crear | Villager (Male) |
| 11:46 | Construir | Palisade Wall |
| 11:52 | Crear | Villager (Male) |
| 11:52 | Crear | Villager (Male) |
| 11:53 | Crear | Villager (Male) |
| 11:55 | Construir | Farm |
| 11:57 | Construir | Farm |
| 12:07 | Crear | Villager (Male) |
| 12:09 | Construir | Farm |
| 12:35 | Crear | Villager (Male) |
| 12:53 | Construir | Palisade Wall |
| 12:53 | Construir | Palisade Wall |
| 12:54 | Construir | Palisade Wall |
| 12:55 | Construir | Palisade Wall |
| 12:55 | Construir | Palisade Wall |
| 12:56 | Construir | Palisade Wall |
| 12:56 | Construir | Palisade Wall |
| 12:58 | Crear | Villager (Male) |
| 13:06 | Crear | Villager (Male) |
| 13:10 | Construir | Palisade Wall |
| 13:18 | Construir | Lumber Camp |
| 13:21 | Crear | Villager (Male) |
| 13:29 | Crear | Villager (Male) |
| 13:38 | Crear | Villager (Male) |
| 13:46 | Crear | Villager (Male) |
| 13:48 | Construir | House |
| 13:50 | Construir | Palisade Wall |
| 14:00 | Crear | Villager (Male) |
| 14:06 | Investigar | Wheelbarrow |
| 14:22 | Construir | Palisade Wall |
| 14:25 | Construir | Palisade Wall |
| 14:32 | Crear | Villager (Male) |
| 14:57 | Construir | Palisade Wall |
| 14:59 | Construir | Palisade Wall |
| 15:12 | Crear | Villager (Male) |
| 15:38 | Construir | Blacksmith |
| 15:51 | Crear | Villager (Male) |
| 15:57 | Construir | Archery Range |
| 16:07 | Construir | Farm |
| 16:12 | Construir | Farm |
| 16:38 | Investigar | Castle Age |
| 16:50 | Construir | House |
| 16:52 | Construir | House |
| 17:04 | Construir | Palisade Wall |
| 17:07 | Crear | Villager (Male) |
| 17:17 | Construir | Archery Range |
| 17:31 | Crear | Villager (Male) |
| 17:37 | Crear | Spearman |
| 17:54 | Investigar | Gold Mining |
| 17:54 | Investigar | Gold Mining |
| 17:54 | Investigar | Gold Mining |
| 17:58 | Construir | Farm |
| 18:00 | Construir | Farm |
| 18:47 | Construir | Market |
| 18:58 | Investigar | Fletching |
| 19:17 | Construir | Archery Range |
| 19:18 | Edad | Edad de los Castillos |
| 19:21 | Crear | Cavalry Archer |
| 19:21 | Crear | Cavalry Archer |
| 19:29 | Investigar | Bodkin Arrow |
| 19:45 | Crear | Villager (Male) |
| 19:50 | Crear | Cavalry Archer |
| 19:50 | Crear | Cavalry Archer |
| 20:00 | Crear | Cavalry Archer |
| 20:00 | Crear | Cavalry Archer |
| 20:12 | Crear | Villager (Male) |
| 20:14 | Crear | Cavalry Archer |
| 20:14 | Crear | Cavalry Archer |
| 20:27 | Crear | Cavalry Archer |
| 20:42 | Crear | Villager (Male) |
| 20:44 | Crear | Villager (Male) |
| 20:48 | Crear | Cavalry Archer |
| 20:48 | Crear | Cavalry Archer |
| 20:56 | Construir | Stable |
| 20:57 | Construir | House |
| 21:06 | Crear | Cavalry Archer |
| 21:06 | Crear | Cavalry Archer |
| 21:07 | Crear | Villager (Male) |
| 21:17 | Crear | Villager (Male) |
| 21:29 | Construir | Lumber Camp |
| 21:31 | Crear | Cavalry Archer |
| 21:31 | Crear | Cavalry Archer |
| 21:34 | Crear | Villager (Male) |
| 21:36 | Crear | Cavalry Archer |
| 21:36 | Crear | Cavalry Archer |
| 22:23 | Crear | Cavalry Archer |
| 22:24 | Crear | Cavalry Archer |
| 22:24 | Crear | Cavalry Archer |
Cronología de la partida
| 4:41 | Charlie Mx · first_building Barracks |
| 5:57 | Malelf · wall_segment Palisade Wall x4 |
| 6:04 | Malelf · wall_segment Palisade Wall x1 |
| 6:05 | Malelf · wall_segment Palisade Wall x1 |
| 6:06 | Malelf · wall_segment Palisade Wall x1 |
| 6:08 | Malelf · wall_segment Palisade Wall x4 |
| 6:14 | Malelf · wall_segment Palisade Wall x7 |
| 6:48 | Charlie Mx · wall_segment Palisade Wall x1 |
| 6:57 | Malelf · wall_segment Palisade Wall x5 |
| 8:04 | Charlie Mx · age_up feudal |
| 8:13 | Malelf · wall_segment Palisade Wall x4 |
| 8:20 | Malelf · wall_segment Palisade Wall x1 |
| 8:42 | Malelf · wall_segment Palisade Wall x2 |
| 9:01 | Malelf · wall_segment Palisade Wall x2 |
| 9:22 | Malelf · wall_segment Palisade Wall x1 |
| 9:24 | Malelf · wall_segment Palisade Wall x1 |
| 9:31 | Malelf · wall_segment Palisade Wall x4 |
| 10:26 | Charlie Mx · wall_segment Palisade Wall x2 |
| 10:28 | Charlie Mx · wall_segment Palisade Wall x5 |
| 10:31 | Malelf · age_up feudal |
| 11:21 | Malelf · first_market_sell 100 stone |
| 11:23 | Charlie Mx · wall_segment Palisade Wall x1 |
| 11:46 | Charlie Mx · wall_segment Palisade Wall x5 |
| 12:14 | Malelf · wall_segment Palisade Wall x1 |
| 12:21 | Malelf · wall_segment Palisade Wall x1 |
| 12:53 | Charlie Mx · wall_segment Palisade Wall x2 |
| 12:53 | Charlie Mx · wall_segment Palisade Wall x1 |
| 12:54 | Charlie Mx · wall_segment Palisade Wall x1 |
| 12:55 | Charlie Mx · wall_segment Palisade Wall x1 |
| 12:55 | Charlie Mx · wall_segment Palisade Wall x1 |
| 12:56 | Charlie Mx · wall_segment Palisade Wall x1 |
| 12:56 | Charlie Mx · wall_segment Palisade Wall x1 |
| 13:08 | Malelf · wall_segment Palisade Wall x1 |
| 13:10 | Charlie Mx · wall_segment Palisade Wall x1 |
| 13:14 | Malelf · wall_segment Palisade Wall x1 |
| 13:16 | Malelf · wall_segment Palisade Wall x5 |
| 13:50 | Charlie Mx · wall_segment Palisade Wall x13 |
| 14:10 | Malelf · wall_segment Palisade Wall x1 |
| 14:10 | Malelf · age_up castle |
| 14:22 | Charlie Mx · wall_segment Palisade Wall x11 |
| 14:25 | Charlie Mx · wall_segment Palisade Wall x1 |
| 14:57 | Charlie Mx · wall_segment Palisade Wall x9 |
| 14:59 | Charlie Mx · wall_segment Palisade Wall x1 |
| 15:00 | Malelf · wall_segment Palisade Wall x1 |
| 15:51 | Malelf · first_building Castle |
| 15:57 | Charlie Mx · first_building Archery Range |
| 17:04 | Charlie Mx · wall_segment Palisade Wall x1 |
| 17:51 | Malelf · first_market_buy 100 food |
| 19:18 | Charlie Mx · age_up castle |
| 19:19 | Malelf · first_building Siege Workshop |
| 20:56 | Charlie Mx · first_building Stable |
| 22:27 | Malelf · first_building Monastery |
| 25:08 | Charlie Mx · first_market_sell 100 wood |
| 25:13 | Charlie Mx · first_market_buy 100 stone |
| 28:06 | Malelf · first_building Barracks |
| 29:31 | Malelf · first_building Stable |
| 31:41 | Charlie Mx · first_building Siege Workshop |
| 32:21 | Charlie Mx · resign |
[ ANÁLISIS IA · 1 CRÉDITO ]
¿Qué pasó realmente en esta partida?
Wolo.gg analiza cada decisión: build order, eco, micro, errores típicos por bracket. Análisis personalizado por WhatsApp o Discord en 30 segundos.
Guía civ
Españoles
Perfil
Malelf